Map: [ESL] Dragon Scales

Players

Maru

  • Race: Terran Terran
  • Spawn Location: 11:00

Reynor - Winner!

  • Race: Zerg Zerg
  • Spawn Location: 5:00

Event: ESL SC2 Masters 2023 Summer (Finals)

VOD

Have the link to the VOD?

Description

Time

  • Played on: June 16, 2023, 5:19 a.m.
  • Length: 6:04

All games in this series

Show
View Real Time Build Order
Export as new Build Order

Maru Terran 

Build Orders:  

Get SALT Encoding   

  12  0:00  SCV  
  13  0:12  SCV  
  14  0:17  Supply Depot  
  14  0:24  SCV  
  15  0:39  SCV  
  15  0:40  Barracks  
  16  0:44  Refinery  
  16  0:51  SCV  
  17  0:59  Barracks  
  17  1:03  SCV  
  18  1:15  SCV  
  19  1:27  Orbital Command, Reaper  
  19  1:31  Supply Depot  
  20  1:45  Reaper  
  21  1:53  SCV  
  22  2:03  Reaper  
  22  2:05  SCV  
  24  2:11  Command Center  
  24  2:17  SCV  
  25  2:25  Barracks Reactor  
  25  2:29  SCV  
  26  2:32  Barracks  
  26  2:35  Barracks  
  26  2:41  SCV, Barracks Tech Lab  
  27  2:54  SCV  
  27  2:57  Supply Depot  
  28  3:01  Marine x2  
  28  3:04  Marine  
  31  3:07  Stimpack  
  31  3:19  Marine x2, Barracks Tech Lab, SCV  
  34  3:21  Marine  
  34  3:23  Orbital Command  
  35  3:30  Supply Depot  
  35  3:31  SCV  
  36  3:36  Marine  
  36  3:37  Marine x2  
  36  3:38  Marine  
  40  3:44  Marine  
  42  3:48  SCV x2  
  42  3:52  Combat Shield  
  42  3:54  Marine x3  
  46  3:58  Marine, Supply Depot  
  46  4:02  SCV  
  48  4:03  Marine  
  48  4:06  SCV  
  50  4:11  Marine  
  50  4:12  Marine  
  50  4:13  Marine  
  50  4:14  SCV  
  50  4:16  Marine  
  55  4:19  SCV  
  55  4:21  Marine  
  55  4:22  Supply Depot  
  57  4:29  SCV, Marine  
  57  4:30  Marine  
  57  4:31  SCV, Marine  
  61  4:35  Marine  
  63  4:38  Marine  
  63  4:44  SCV  
  63  4:45  SCV  
  66  4:47  Marine  
  66  4:48  Marine  
  66  4:49  Marine  
  69  4:53  Marine  
  69  4:56  Marine  
  71  5:05  Marine  
  71  5:06  Marine  
  71  5:07  Marine  
  73  5:11  Marine  
  75  5:14  Marine  
  75  5:18  Supply Depot  
  76  5:23  Marine x2  
  78  5:30  Marine  
  78  5:31  Marine  
  78  5:32  Marine  
  68  5:40  Marine  
  68  5:41  Marine  
Show
View Real Time Build Order
Export as new Build Order

Reynor Zerg - Winner!

Build Orders: Hatch First 

Get SALT Encoding   

  12  0:00  Drone  
  13  0:12  Overlord  
  13  0:17  Drone  
  14  0:30  Drone x2  
  16  0:47  Hatchery  
  15  0:51  Drone  
  15  0:53  Drone  
  17  0:57  Drone  
  18  1:04  Extractor  
  17  1:13  Spawning Pool  
  17  1:16  Drone  
  17  1:19  Drone  
  18  1:27  Drone  
  19  1:38  Drone  
  20  1:48  Overlord  
  20  1:59  Queen x2  
  20  2:00  Zergling x4  
  26  2:09  Metabolic Boost  
  26  2:11  Drone x2  
  28  2:23  Drone x2  
  30  2:32  Zergling x2  
  30  2:33  Overlord  
  30  2:35  Queen  
  33  2:43  Drone x2  
  34  2:57  Drone  
  34  2:58  Hatchery, Drone  
  35  3:04  Zergling x4  
  37  3:09  Overlord  
  37  3:10  Drone x2  
  39  3:15  Hatchery  
  39  3:16  Drone  
  39  3:18  Drone  
  41  3:24  Queen  
  41  3:26  Drone  
  44  3:30  Drone  
  45  3:35  Overlord  
  45  3:40  Drone  
  46  3:46  Drone x3  
  46  3:47  Drone  
  50  3:51  Drone  
  50  3:52  Drone  
  53  3:55  Drone x2  
  53  3:58  Overlord  
  53  3:59  Queen  
  53  4:02  Extractor  
  55  4:04  Drone  
  57  4:10  Drone  
  57  4:16  Drone  
  57  4:18  Drone x2  
  57  4:19  Overlord  
  57  4:22  Lair  
  57  4:23  Drone  
  60  4:27  Drone x2  
  60  4:29  Queen, Baneling Nest  
  63  4:34  Drone x2  
  63  4:35  Overlord  
  65  4:41  Drone x2  
  65  4:45  Queen  
  69  4:48  Zergling x6  
  71  4:55  Evolution Chamber  
  71  4:58  Zergling x2  
  71  5:00  Zergling x4, Spine Crawler  
  71  5:03  Zergling x2  
  71  5:04  Overlord  
  73  5:07  Zergling x4  
  73  5:12  Baneling x9  
  75  5:14  Baneling  
  75  5:15  Zergling x4  
  75  5:16  Zergling x6  
  75  5:17  Overlord  
  80  5:24  Zergling x4  
  80  5:25  Overlord  
  81  5:32  Zergling x4  
  81  5:35  Baneling x4  
  81  5:36  Zergling x4  
  81  5:37  Zergling x6  
  81  5:42  Zergling x2  
  78  5:45  Zergling x4  
Tags
 
Add a new tag
Caveats
  • Supply blocks, unpowered buildings, or Contaminate may cause inaccurate times.
  • Supply counts are checked every 10 seconds.